 Dungeon Crawl Stone Soup version 0.29-a0-409-gd843f3a48c (webtiles) character file.

Game seed: 2164312688427896465

2027 spiderkeys the Skirmisher (level 9, -8/68 HPs)
             Began as a Mummy Abyssal Knight on May 14, 2022.
             Was an Elder of Lugonu.
             Killed from afar by an orc wizard (13 damage)
             ... with a puff of flame
             ... on level 6 of the Dungeon.
             The game lasted 00:19:15 (10602 turns).

spiderkeys the Skirmisher (Mummy Abyssal Knight)   Turns: 10602, Time: 00:19:16

Health: -8/68      AC: -1    Str: 16    XL:     9   Next: 3%
Magic:  1/16       EV: 13    Int: 13    God:    Lugonu [****..]
Gold:   936        SH:  0    Dex: 13    Spells: 10/18 levels left

rFire   x . .      SeeInvis .   K - +1 war axe (elec)
rCold   + . .      Faith    .   (no shield)
rNeg    + + +      Spirit   .   g - +0 robe rPois โˆž Reflect .
                                (no helmet)
rElec   .          Harm     .   (no cloak)
rCorr   .          Rampage  .   (no gloves)
Will    +....                   (no boots)
Stlth   +.........              (no amulet)
HPRegen 0.21/turn               (no ring)
MPRegen 0.15/turn               (no ring)

@: corroded
A: cold resistance 1, negative energy resistance 3, torment resistance 2, heat
vulnerability 1, in touch with death 1, no potions
a: Renounce Religion, Depart the Abyss, Bend Space, Banish, Corrupt


You were on level 6 of the Dungeon.
You worshipped Lugonu.
Lugonu was greatly pleased with you.
You visited 1 branch of the dungeon, and saw 6 of its levels.
You visited the Abyss 1 time.

You collected 1440 gold pieces.
You spent 504 gold pieces at shops.


Innate Abilities, Weirdness & Mutations

You are immune to poison.
Your flesh is cold resistant. (rC+)
You are immune to negative energy. (rN+++)
You are immune to unholy pain and torment.
You are vulnerable to heat. (rF-)
You are in touch with the powers of death.
You do not drink.


   Skills:
 - Level 5.2 Fighting
 - Level 2.2 Polearms
 - Level 1.5 Armour
 + Level 4.5 Dodging
 - Level 5.0 Spellcasting
 + Level 3.3 Necromancy
 - Level 1.0 Air Magic
 + Level 3.5 Poison Magic
 + Level 5.2 Invocations


You had 10 spell levels left.
You knew the following spells:

 Your Spells              Type           Power      Damage    Failure   Level
a - Animate Skeleton      Necr           36%        N/A       4%          1
o - Olgreb's Toxic Radia  Pois           12%        N/A       41%         4
p - Poisonous Vapours     Pois/Air       18%        N/A       11%         2
s - Sting                 Tmut/Pois      28%        1d4       9%          1

Your spell library contained the following spells:

 Spells                   Type           Power      Damage    Failure   Level
 Pain                     Necr           72%        1d7       4%          1
 Corpse Rot               Necr/Air       26%        N/A       12%         2
 Vampiric Draining        Necr           18%        2d7       14%         3
 Summon Small Mammal      Summ           12%        N/A       19%         1
 Call Canine Familiar     Summ           3%         N/A       50%         3
 Summon Guardian Golem    Hex/Summ       3%         N/A       50%         3
 Summon Hydra             Summ           1%         N/A       100%        7
 Sublimation of Blood     Necr           Unusable   N/A       N/A         2
 Wereblood                Tmut           Unusable   N/A       N/A         2

Inventory:

Hand Weapons
 a - a +1 spear
 q - a +2 dagger of venom
   (You took it off a kobold on level 3 of the Dungeon)
 w - a +0 hunting sling
   (You found it on level 3 of the Dungeon)
 K - a +1 war axe of electrocution (weapon)
   (You found it on level 5 of the Dungeon)
Missiles
 c - 170 stones
 f - 4 javelins
 u - 8 poisoned darts
 L - a throwing net {=f!f}
Armour
 b - a +0 leather armour
 e - a +0 leather armour
   (You found it on level 1 of the Dungeon)
 g - a +0 robe (worn)
   (You found it on level 1 of the Dungeon)
 i - a +0 leather armour
   (You found it on level 1 of the Dungeon)
 j - a +0 scale mail
   (You found it on level 2 of the Dungeon)
 k - a +0 ring mail
   (You found it on level 2 of the Dungeon)
 l - a +0 leather armour
   (You took it off a gnoll shaman on level 4 of the Dungeon)
 n - a +0 ring mail
   (You found it on level 2 of the Dungeon)
 o - a +0 robe
   (You took it off a hobgoblin on level 2 of the Dungeon)
 r - a +0 robe
   (You found it on level 4 of the Dungeon)
 t - a +0 leather armour
   (You took it off an orc on level 2 of the Dungeon)
 v - a +0 robe
   (You found it on level 3 of the Dungeon)
 x - a +2 ring mail of poison resistance
   (You took it off an orc on level 4 of the Dungeon)
 y - a +0 chain mail
   (You took it off an orc on level 4 of the Dungeon)
 z - a +0 robe
   (You took it off an orc wizard on level 4 of the Dungeon)
 A - a +0 leather armour
   (You found it on level 4 of the Dungeon)
 B - a +0 chain mail
   (You found it on level 4 of the Dungeon)
 E - a +0 plate armour
   (You took it off an orc warrior on level 5 of the Dungeon)
 F - a +0 leather armour
   (You found it on level 5 of the Dungeon)
 G - a +0 leather armour
   (You found it on level 5 of the Dungeon)
 H - a +0 chain mail
   (You took it off an orc on level 4 of the Dungeon)
 I - a +0 robe
   (You took it off a gnoll shaman on level 4 of the Dungeon)
 M - a +0 robe
   (You took it off an orc wizard on level 5 of the Dungeon)
 P - a +0 robe
   (You found it on level 6 of the Dungeon)
 Q - a +0 robe
   (You took it off an orc wizard on level 6 of the Dungeon)
 R - a +0 robe
   (You took it off an orc wizard on level 6 of the Dungeon)
 S - a +0 ring mail
   (You took it off an orc on level 6 of the Dungeon)
Jewellery
 C - a ring of protection from cold
   (You took it off a gnoll on level 5 of the Dungeon)
 D - a +6 ring of dexterity
   (You took it off a gnoll on level 5 of the Dungeon)
Wands
 s - a wand of flame (11)
   (You found it on level 3 of the Dungeon)
Scrolls
 d - 2 scrolls of summoning {unknown}
 h - 2 scrolls of immolation {unknown}
 m - 2 scrolls of teleportation {@r4}
 p - 2 scrolls of enchant armour
 J - a scroll of enchant weapon
 N - a scroll of identify {@r1}
 O - a scroll of blinking {unknown}

Dungeon Overview and Level Annotations

Branches:
Dungeon (6/15)
 Temple: D:4-7

Altars:
Ashenzari
Trog

Shops:
D:3 :

Annotations:
Abyss:1 Maggie

##.#.#...#
...........o
#.#.#.#.#
.............
#.#...#.#
...........#..
#.#.#...# #'#
#...#.### #.#
##..#...####.#
#.>###.##..)#
#### #...ยง..#
#..@FZ.#
#..{...#
#......#
#......#
#......#
#......#
########


You could see a bullfrog (ally target) and a friendly kobold skeleton.


Message History

The kobold brigand looks as sick as possible!
The kobold shouts!
You hear a shout! ๐Ÿ˜Ž MP[-2]
You lost 2 mp, and now have 7/15 mp.
Poisonous vapours surround the kobold brigand!
The kobold brigand looks as sick as possible!
The kobold brigand throws a poisoned dart.
The poisoned dart misses you. ๐Ÿ˜Ž MP[-2]
You lost 2 mp, and now have 5/15 mp.
Poisonous vapours surround the kobold brigand!
The kobold brigand looks as sick as possible!
The bullfrog croaks.
The kobold brigand throws a poisoned dart.
The poisoned dart hits you. ๐Ÿ˜Ž MP[-1]
You lost 1 mp, and now have 4/15 mp.
Poisonous vapours surround the kobold brigand!
The kobold brigand looks as sick as possible!
The orc wizard casts a spell.
The orc wizard flickers and vanishes!
Deactivating autopickup; reactivate with Ctrl-A. ๐Ÿ˜Ž MP[-2]
You lost 2 mp, and now have 2/15 mp.
You hit the kobold brigand. The kobold brigand misses you.
You slash the kobold brigand!
You kill the kobold brigand!
Lugonu accepts your kill.
You can now corrupt the fabric of space.
You have reached level 9!
Your experience leads to an increase in your attributes!
Increase (S)trength, (I)ntelligence, or (D)exterity?
You feel clever. x2 ๐Ÿ˜Ž HP[+6]
You now have 68 max hp (+6).
Your hp is fully restored (68).
Casting: Poisonous Vapours (safe; 11% risk of failure)
Confirm with . or Enter, or press ? or * to list all spells.
There is nothing nearby to animate!
You closely miss the kobold. The kobold closely misses you.
The kobold barely misses you.
You hit the kobold. Lightning courses through the kobold!!
You kill the kobold!
Lugonu accepts your kill.
You closely miss something.
You hear some strange, mumbled words.
A puff of flame appears from out of thin air!
The puff of flame hits you! The fire burns you terribly!
The bullfrog barely misses you. ๐Ÿ˜• HP[-15] MP[+1]
You take 15 damage, and now have 53/68 hp.
MASSIVE DAMAGE!! (PAUSE)
Casting: Animate Skeleton (safe; 4% risk of failure)
Confirm with . or Enter, or press ? or * to list all spells.
You feel a surge of power!
You attempt to give life to the dead...
Before your eyes, flesh is ripped from the corpse!
The dead are walking!
You hear some strange, mumbled words.
A magic dart appears from out of thin air!
The magic dart hits you.
The bullfrog hits you. ๐Ÿ˜ฎ HP[-9] MP[-1]
You take 9 damage, and now have 44/68 hp.
You lost 1 mp, and now have 2/16 mp.
The bullfrog hits you. ๐Ÿ˜ฎ HP[-3]
You take 3 damage, and now have 41/68 hp.
You slash the bullfrog! You closely miss something.
The bullfrog closely misses you. Something hits you.
Your kobold skeleton hits the bullfrog with a +0 club.
The bullfrog barely misses you.
You hear a zap.
A bolt of acid appears from out of thin air!
The bolt of acid hits you!!
* * * LOW HITPOINT WARNING * * *
The acid corrodes you! ๐Ÿ˜ฑ HP[-29]
You take 29 damage, and now have 12/68 hp.
MASSIVE DAMAGE!! (PAUSE) Space bends violently around you!
You blink. ๐Ÿ˜ฑ HP[-2] MP[-1]
You take 2 damage, and now have 10/68 hp.
You lost 1 mp, and now have 1/16 mp.
Unknown command.
You can't drink.
Unknown command.
You can't drink.
Okay, then.
You don't have enough magic at the moment.
Aiming: Throw Flame
Press: ? - help, Shift-Dir - straight line, f - bullfrog
Aim: a bullfrog (severely wounded, ally target, 60% to hit)
Really fire in your kobold skeleton's direction?
The puff of flame hits the bullfrog.
The bullfrog misses you.
Your kobold skeleton barely misses the bullfrog.
The bullfrog hits you.
* * * LOW HITPOINT WARNING * * *
You hear some strange, mumbled words.
A puff of flame appears from out of thin air!
The puff of flame hits you! The fire burns you terribly!
You die...

Skill      XL: |  1  2  3  4  5  6  7  8 |
---------------+-------------------------+-----
Dodging        | 1 2 3 4 |  4.5
Invocations    | 2 3 4 5 |  5.2
Polearms       | 2 |  2.2
Spellcasting   | 1 2 3 4 5 |  5.0
Poison Magic   | 1 2 3 |  3.5
Fighting       | 4 5 |  5.2
Air Magic      | 1 |  1.0
Necromancy     | 3 |  3.3
Armour         | |  1.5

Action                   |  1- 3 |  4- 6 |  7- 9 || total
-------------------------+-------+-------+-------++-------
Melee: Spear             |   155 |    10 |       ||   165
       Punch             |     2 |     1 |     2 ||     5
       Dagger            |       |   176 |    93 ||   269
       War axe           |       |       |    81 ||    81
Throw: Javelin           |     1 |       |     1 ||     2
       Dart              |       |       |     5 ||     5
       Throwing net      |       |       |     1 ||     1
 Cast: Poisonous Vapours |       |    10 |    47 ||    57
       Sting             |       |       |    11 ||    11
       Animate Skeleton  |       |       |    10 ||    10
Invok: Bend Space        |       |     2 |    16 ||    18
       Banish            |       |       |     1 ||     1
Evoke: Wand              |       |       |     3 ||     3
  Use: Scroll            |     2 |       |     5 ||     7
Armor: Leather armour    |    30 |       |       ||    30
       Robe              |       |    14 |    20 ||    34
Dodge: Dodged            |    84 |   135 |   172 ||   391

Levels and vault maps discovered:
D:1:      evilmike_arrival_fibonacci_small, layout_loops_ring,
          nicolae_ecumenical_snake_handling, minmay_split_cup_large
D:2:      layout_basic, basic_altar
D:3:      layout_rooms, serial_shops, shop_statue
D:4:      layout_loops_cross, minmay_misc_feat_square
D:5:      layout_rooms, minmay_ruined_shrine
D:6:      layout_basic, uniq_maggie

Notes
Turn   | Place    | Note
-------+----------+-------------------------------------------
     0 | Abyss:1  | spiderkeys the Mummy Abyssal Knight began the quest for the
                  | Orb.
     0 | Abyss:1  | Reached XP level 1. HP: 18/18 MP: 2/2
     0 | Abyss:1  | magus.rc [v1.11.3]
     8 | D:1      | You pass through the gate.
     8 | D:1      | Escaped the Abyss
   431 | D:1      | Reached skill level 1 in Dodging
   540 | D:1      | Found a faded altar of an unknown god.
   553 | D:1      | Reached XP level 2. HP: 6/24 MP: 3/3
   553 | D:1      | HP: 6/24 [ball python (1)]
   862 | D:1      | You pick up a book of Vapours and begin reading...
   862 | D:1      | You add the spells Poisonous Vapours and Corpse Rot to your
                  | library.
  1078 | D:1      | Reached skill level 2 in Invocations
  1093 | D:1      | Reached *** piety under Lugonu
  1570 | D:1      | Gained mutation: You are in touch with the powers of death.
                  | [Mummy growth]
  1570 | D:1      | Reached XP level 3. HP: 29/29 MP: 4/4
  1573 | D:1      | Learned a level 2 spell: Poisonous Vapours
  1697 | D:2      | Reached skill level 2 in Polearms
  1955 | D:2      | Found a broken altar of Ashenzari.
  2065 | D:2      | Reached skill level 1 in Spellcasting
  2339 | D:2      | Reached XP level 4. HP: 34/35 MP: 5/5
  2458 | D:3      | Found Heonos's Book Shoppe.
  2530 | D:3      | HP: 8/35 [adder (3)]
  2543 | D:2      | HP: 7/35 [adder (1)]
  2842 | D:3      | You pick up a book of Blood and begin reading...
  3300 | D:3      | Reached skill level 1 in Poison Magic
  3300 | D:3      | Reached XP level 5. HP: 37/42 MP: 7/7
  3403 | D:3      | HP: 10/42 [orc priest/+0 club (4)]
  3406 | D:3      | Reached skill level 2 in Dodging
  3406 | D:3      | Reached skill level 2 in Spellcasting
  3846 | D:4      | HP: 4/42 [orc/+0 mace (8)]
  4326 | D:4      | Reached skill level 4 in Fighting
  4473 | D:4      | Noticed a black bear
  4491 | D:4      | Killed a black bear
  4492 | D:4      | Reached skill level 1 in Air Magic
  4492 | D:4      | Reached skill level 3 in Invocations
  4492 | D:4      | Reached XP level 6. HP: 40/48 MP: 0/10
  4925 | D:5      | Entered Level 5 of the Dungeon
  5052 | D:4      | Reached skill level 3 in Spellcasting
  5865 | D:4      | Reached XP level 7. HP: 30/55 MP: 10/12
  6360 | D:5      | Found a bloodstained altar of Trog.
  6453 | D:5      | Reached skill level 3 in Dodging
  6453 | D:5      | Reached skill level 4 in Spellcasting
  6903 | D:4      | Reached **** piety under Lugonu
  6904 | D:4      | Reached skill level 5 in Fighting
  7895 | D:5      | Reached skill level 2 in Poison Magic
  7895 | D:5      | Reached skill level 4 in Invocations
  8292 | D:4      | Identified a scroll of acquirement
  8293 | D:4      | Acquired 1017 gold pieces
  8343 | D:3      | Bought a Young Poisoner's Handbook for 280 gold pieces
  8343 | D:3      | You add the spells Sting and Olgreb's Toxic Radiance to
                  | your library.
  8348 | D:3      | Learned a level 4 spell: Olgreb's Toxic Radiance
  8350 | D:3      | Learned a level 1 spell: Sting
  8350 | D:3      | Bought a book of Necromancy for 224 gold pieces
  8350 | D:3      | You pick up a book of Necromancy and begin reading...
  8350 | D:3      | You add the spells Pain, Animate Skeleton and Vampiric
                  | Draining to your library.
  8352 | D:3      | Learned a level 1 spell: Animate Skeleton
  8492 | D:5      | Reached XP level 8. HP: 49/62 MP: 14/14
  8899 | D:5      | HP: 14/62 [orc warrior/+0 glaive (13)]
  8903 | D:5      | Reached skill level 1 in Necromancy
  9202 | D:6      | Reached skill level 5 in Spellcasting
  9209 | D:6      | HP: 15/62 [necrophage (5)]
  9236 | D:5      | HP: 7/62 [necrophage (7)]
  9661 | D:6      | Reached skill level 2 in Necromancy
  9662 | D:6      | Reached skill level 4 in Dodging
  9669 | D:6      | You pick up a book of Callings and begin reading...
  9669 | D:6      | You add the spells Summon Small Mammal, Call Canine
                  | Familiar and Summon Guardian Golem to your library.
  9931 | D:6      | Reached skill level 3 in Poison Magic
 10082 | D:6      | HP: 15/62 [bullfrog (3)]
 10383 | D:6      | Noticed Maggie
 10384 | D:6      | Banished Maggie
 10385 | D:6      | Reached skill level 3 in Necromancy
 10385 | D:6      | Reached skill level 5 in Invocations
 10596 | D:6      | Reached XP level 9. HP: 68/68 MP: 2/16
 10600 | D:6      | HP: 12/68 [something/bolt of acid (28)]
 10602 | D:6      | HP: 5/68 [bullfrog (6)]
 10602 | D:6      | Killed from afar by an orc wizard

Vanquished Creatures
  An orc warrior (D:5)
  A black bear (D:4)
  2 ogres
  A centaur (D:5)
  A kobold brigand (D:6)
  2 bullfrogs (D:6)
  2 necrophages
  3 scorpions
  A howler monkey (D:5)
  2 orc priests (D:3)
  2 gnoll shamans (D:4)
  4 hounds
  2 iguanas
  4 orc wizards
  11 gnolls
  9 adders
  2 shadow imps (D:5)
  2 white imps (D:6)
  3 worms
  5 dart slugs
  16 orcs
  4 endoplasms
  7 goblins
  4 hobgoblins
  3 jackals (D:4)
  7 quokkas
  5 ball pythons
  4 bats
  2 frilled lizards
  10 kobolds
  3 rats
125 creatures vanquished.

Vanquished Creatures (collateral kills)
  A phantom (D:6)
  An ufetubus (D:6)
2 creatures vanquished.

Grand Total: 127 creatures vanquished

Table legend:
 A = Non-vault XP
 B = Vault XP
 C = Vault XP percentage of total XP
 D = Non-vault monster count
 E = Vault monster count
 F = Vault count percentage of total count
                 A         B        C        D         E       F
            +---------+---------+-------+---------+---------+-------
      Total |    2325 |     572 |  19.7 |     116 |      12 |   9.4
            +---------+---------+-------+---------+---------+-------
        D:1 |      34 |       8 |  19.0 |      18 |       6 |  25.0
        D:2 |      80 |       0 |   0.0 |      16 |       0 |   0.0
        D:3 |     149 |       0 |   0.0 |      18 |       0 |   0.0
        D:4 |     563 |      14 |   2.4 |      27 |       1 |   3.6
        D:5 |     750 |     171 |  18.6 |      19 |       4 |  17.4
        D:6 |     749 |     379 |  33.6 |      18 |       1 |   5.3
            +---------+---------+-------+---------+---------+-------

Illustrated notes

Table legend:
 A = Kills in this place as a percentage of kills in entire the game.
 B = Kills by you in this place as a percentage of kills by you in the entire game.
 C = Kills by friends in this place as a percentage of kills by friends in the entire game.
 D = Other kills in this place as a percentage of other kills in the entire game.
 E = Experience gained in this place as a percentage of experience gained in the entire game.
 F = Experience gained in this place divided by the number of levels of this place that you have seen.
                   A       B       C       D       E      F
               +-------+-------+-------+-------+-------+----------------------
         Total | 100.0 | 100.0 | 100.0 | 100.0 | 100.0 | 413.9
       Dungeon | 100.0 | 100.0 | 100.0 | 100.0 | 100.0 | 482.8
               +-------+-------+-------+-------+-------+----------------------

Table legend: (Time is in decaauts)
 A = Elapsed time spent in this place.
 B = Non-inter-level travel time spent in this place.
 C = Inter-level travel time spent in this place.
 D = Time resting spent in this place.
 E = Time spent auto-exploring this place.
 F = Levels seen in this place.
 G = Mean time per level.
                   A        B        C        D        E       F      G
               +--------+--------+--------+--------+--------+-----+--------+
         Total |  10666 |  10290 |    376 |   4717 |   3787 |   7 | 1523.7 |
       Dungeon |  10658 |  10282 |    376 |   4717 |   3787 |   6 | 1776.3 |
         Abyss |      8 |      8 |      0 |      0 |      0 |   1 |    8.0 |
               +--------+--------+--------+--------+--------+-----+--------+

Top non-repeatable levels by time:
     D:4: 3965 daAuts
     D:5: 1708 daAuts
     D:1: 1649 daAuts
     D:3: 1371 daAuts
     D:2: 1120 daAuts
     D:6: 842 daAuts
 Abyss:1: 8 daAuts
